 Dungeon Crawl Stone Soup version 0.27-a0-1136-g0b992a5a9d (webtiles) character file.

Game seed: 15027392943200594373

121 Anon1729 the Skirmisher (level 4, -3/55 HPs)
             Began as a Demonspawn Berserker on May 4, 2021.
             Was a Believer of Trog.
             Slain by a water moccasin skeleton (7 damage)
             ... on level 3 of the Dungeon.
             The game lasted 00:01:50 (2898 turns).

Anon1729 the Skirmisher (Demonspawn Berserker)      Turns: 2898, Time: 00:01:50

Health: -3/55      AC:  2    Str: 18    XL:     4   Next: 77%
Magic:  4/4        EV: 12    Int:  9    God:    Trog [**....]
Gold:   79         SH:  0    Dex: 12    Spells: 3/3 levels left

rFire    . . .     SeeInvis .   a - +0 hand axe
rCold    . . .     Faith    .   (no shield)
rNeg     . . .     Spirit   .   b - +0 animal skin
rPois    .         Reflect  .   (no helmet)
rElec    .         Harm     .   (no cloak)
rCorr    .         Rampage  .   (no gloves)
Will     .....                  (no boots)
Stlth    ..........             (no amulet)
HPRegen  0.18/turn              (no ring)
MPRegen  0.09/turn              (no ring)

@: berserking, very quick
A: foul stench 1, powered by pain 2
a: Renounce Religion, Berserk, Trog's Hand


You were on level 3 of the Dungeon.
You worshipped Trog.
Trog was pleased with you.
You visited 1 branch of the dungeon, and saw 3 of its levels.

You collected 79 gold pieces.

Inventory:

Hand Weapons
 a - a +0 hand axe (weapon)
Missiles
 f - 2 throwing nets
Armour
 b - a +0 animal skin (worn)
Jewellery
 i - an amulet of the acrobat
Scrolls
 d - 2 scrolls of teleportation {unknown}
 e - 3 scrolls of identify {unknown}
 h - a scroll of noise {unknown}
Potions
 c - 2 potions of heal wounds {unknown}
 g - a potion of invisibility {unknown}
 j - 2 potions of mutation {unknown}


   Skills:
 + Level 4.2 Fighting
 + Level 3.8 Axes
 - Level 2.1 Armour
 - Level 2.2 Dodging


You had 3 spell levels left.
You didn't know any spells.
Your spell library was empty.

Dungeon Overview and Level Annotations

Branches:
Dungeon (3/15)

Altars:


Innate Abilities, Weirdness & Mutations

You may rarely emit foul miasma when damaged in melee.
You sometimes gain power by taking damage.


Message History

Trog accepts your kill.
You hit the orc wizard but do no damage.
You hit the orc.
You closely miss the water moccasin skeleton.
The water moccasin skeleton bites you. The orc hits you with a +0 dagger.
The orc wizard hits you with a +0 dagger.
You hit the orc.
You kill the orc!
Trog accepts your kill.
You hit the orc wizard.
You hit the water moccasin skeleton but do no damage.
The water moccasin skeleton barely misses you.
The orc wizard hits you with a +0 dagger.
You hit the orc wizard.
The orc wizard is moderately wounded.
You barely miss the water moccasin skeleton.
You hit the orc but do no damage. The water moccasin skeleton bites you.
The orc wizard points at you and mumbles some strange words.
The magic dart hits you. The water moccasin skeleton bites you.
* * * LOW HITPOINT WARNING * * *
The orc hits you but does no damage.
You are too injured to fight recklessly!
You are too injured to fight recklessly!
You are too injured to fight recklessly!
You are too injured to fight recklessly!
You are too injured to fight recklessly!
You are too injured to fight recklessly!
You are too injured to fight recklessly!
You are too injured to fight recklessly!
You are too injured to fight recklessly!
You are too injured to fight recklessly!
You are too injured to fight recklessly!
You are too injured to fight recklessly!
A red film seems to cover your vision as you go berserk!
You feel yourself moving faster!
You feel mighty! The water moccasin skeleton bites you!
* * * LOW HITPOINT WARNING * * *
You barely miss the water moccasin skeleton.
The water moccasin skeleton bites you!
You die...

..........
.........
........ #
#.....#.#
#....#[##.#
#....)....#
#oo..# #Z####
#@# #.# #.# #.#
#.# ####.#
#####..(.###
..........#####
.#.............
#.


You could see an orc wizard, an orc and a water moccasin skeleton.

Vanquished Creatures
  3 gnolls (D:2)
  2 adders (D:2)
  2 worms
  A dart slug (D:1)
  2 orcs (D:3)
  3 ball pythons
  6 bats
  3 endoplasms (D:1)
  3 giant cockroaches
  7 goblins
  4 hobgoblins
  8 jackals (D:1)
  5 kobolds
  2 quokkas (D:2)
  3 frilled lizards
  6 rats
60 creatures vanquished.

Vanquished Creatures (others)
  A jackal (D:1)
  A plant (D:2)
2 creatures vanquished.

Grand Total: 62 creatures vanquished

Notes
Turn   | Place    | Note
-------+----------+-------------------------------------------
     0 | D:1      | Anon1729 the Demonspawn Berserker began the quest for the
                  | Orb.
     0 | D:1      | Reached XP level 1. HP: 18/18 MP: 1/1
    99 | D:1      | Gained mutation: You sometimes gain a little power by
                  | taking damage. [demonic ancestry]
    99 | D:1      | Reached XP level 2. HP: 24/24 MP: 2/2
   483 | D:1      | Reached ** piety under Trog
   484 | D:1      | Gained mutation: You sometimes gain power by taking damage.
                  | [demonic ancestry]
   484 | D:1      | Reached XP level 3. HP: 29/29 MP: 3/3
  1375 | D:2      | Found a faded altar of an unknown god.
  1382 | D:2      | Gained mutation: You may rarely emit foul miasma when
                  | damaged in melee. [demonic ancestry]
  1382 | D:2      | Reached XP level 4. HP: 14/37 MP: 4/4
  1737 | D:2      | Reached skill level 4 in Fighting
  2898 | D:3      | Slain by a water moccasin skeleton

Illustrated notes

Levels and vault maps discovered:
D:1:      scummos_arrival_gate, layout_basic
D:2:      layout_basic, hellmonk_ecumenical_altar_run_dry, st_stairs_5,
          corexii_shack, minmay_misc_feat_roman
D:3:      layout_loops_ring, uniq_terence

Skill      XL: |  1  2  3  4 |
---------------+-------------+-----
Dodging        | 2 |  2.2
Armour         | 2 |  2.1
Axes           | 3 |  3.8
Fighting       | 4 |  4.2

Action                   |  1- 3 |  4- 6 || total
-------------------------+-------+-------++-------
Melee: Hand axe          |   106 |    61 ||   167
Invok: Berserk           |     2 |     1 ||     3
 Stab: Sleeping          |     1 |     2 ||     3
Armor: Animal skin       |    19 |    11 ||    30
Dodge: Dodged            |    73 |    41 ||   114

Table legend: (Time is in decaauts)
 A = Elapsed time spent in this place.
 B = Non-inter-level travel time spent in this place.
 C = Inter-level travel time spent in this place.
 D = Time resting spent in this place.
 E = Time spent auto-exploring this place.
 F = Levels seen in this place.
 G = Mean time per level.
                   A        B        C        D        E       F      G
               +--------+--------+--------+--------+--------+-----+--------+
         Total |   2937 |   2886 |     51 |     37 |   2514 |   3 |  979.0 |
       Dungeon |   2937 |   2886 |     51 |     37 |   2514 |   3 |  979.0 |
               +--------+--------+--------+--------+--------+-----+--------+

Top non-repeatable levels by time:
     D:2: 1449 daAuts
     D:1: 1289 daAuts
     D:3: 199 daAuts
